 Dungeon Crawl Stone Soup version 0.17-b1-25-g6d8775f (webtiles) character file.

1417 tp1 the Thaumaturge (level 8, 0/41 HPs)
             Began as a Deep Elf Wizard on Nov 5, 2015.
             Was a Believer of Vehumet.
             Killed by divine providence
             ... invoked by an orc priest
              (15 damage)
             ... on level 6 of the Dungeon.
             The game lasted 00:29:35 (6770 turns).

tp1 the Thaumaturge (Deep Elf Wizard)               Turns: 6770, Time: 00:29:36

Health: 0/41       AC:  5    Str:  2 (4)  XL:     8   Next: 43%
Magic:  27/33      EV: 13    Int: 26      God:    Vehumet [**....]
Gold:   258        SH:  0    Dex: 17      Spells: 6 memorised, 15 levels left

rFire  . . .     SeeInvis .     E - +2 trident (venom)
rCold  . . .     Clarity  .     w - +2 robe
rNeg   . . .     SustAt   .     (no shield)
rPois  +         Gourm    .     b - +0 hat
rElec  .         Spirit   .     (no cloak)
rCorr  .         Warding  .     u - +0 pair of gloves
rMut   .         Stasis   .     (no boots)
MR     .....                    (no amulet)
Stlth  ++........               n - ring of wizardry
                                I - ring "Sess" {MP+9 Dex+2}

@: not resistant to hostile enchantments, unstealthy
A: horns 1, agile 1, deterioration 1, poison resistance
a: Renounce Religion


You were on level 6 of the Dungeon.
You worshipped Vehumet.
Vehumet was pleased with you.
You were not hungry.

You visited 2 branches of the dungeon, and saw 7 of its levels.
You also visited: Ossuary.

You collected 363 gold pieces.
You spent 105 gold pieces at shops.

Inventory:

Hand Weapons
 h - a +0 short sword
 E - a +2 trident of venom (weapon)
Armour
 a - a +0 robe
 b - a +0 hat (worn)
 j - a +0 leather armour
 u - a +0 pair of gloves (worn)
 w - a +2 robe (worn)
Jewellery
 m - an uncursed ring of protection from magic
 n - a ring of wizardry (right hand)
 C - a +4 ring of dexterity
 I - the ring "Sess" (left hand) {MP+9 Dex+2}
   (You found it on level 6 of the Dungeon)

   [ring of magical power]

   It affects your dexterity (+2).
   It affects your magic capacity (+9).
Wands
 J - a wand of lightning (8)
Scrolls
 e - 3 scrolls of noise
 i - a scroll of blinking {unknown}
 k - 2 scrolls of random uselessness {unknown}
 l - 3 scrolls of teleportation {unknown}
 p - a scroll of recharging {unknown}
 r - 2 scrolls of magic mapping {unknown}
 s - 3 scrolls of identify
 t - 4 scrolls of remove curse {unknown}
 x - 5 scrolls of fear {unknown}
 y - a scroll of amnesia {unknown}
 z - 3 scrolls of immolation
 A - 3 scrolls of enchant weapon {unknown}
 G - a scroll of fog {unknown}
Potions
 f - 3 potions of degeneration
 o - 3 potions of heal wounds
 q - 3 potions of cancellation
 B - a potion of curing
 F - a potion of might
Books
 c - a book of Minor Magic

   Spells                             Type                      Level
   a - Magic Dart                     Conjuration                  1
   b - Blink                          Translocation                2
   c - Call Imp                       Summoning                    2
   d - Repel Missiles                 Charms/Air                   2
   e - Slow                           Hexes                        2
   f - Conjure Flame                  Conjuration/Fire             3
   g - Mephitic Cloud                 Conjuration/Poison/Air       3
Comestibles
 d - 2 bread rations
 g - a fruit
 v - a slice of pizza


   Skills:
 - Level 2.4 Dodging
 - Level 2.4 Stealth
 - Level 10.0 Spellcasting
 - Level 5.4 Conjurations
   Level 1.1 Summonings
 - Level 1.1 Translocations
 + Level 4.7 Fire Magic
 - Level 2.0 Air Magic
 - Level 3.2 Poison Magic


You had 15 spell levels left.
You knew the following spells:

 Your Spells              Type           Power        Failure   Level  Hunger
a - Magic Dart            Conj           ####         1%          1    None
b - Conjure Flame         Conj/Fire      #####...     1%          3    None
c - Mephitic Cloud        Conj/Pois/Air  ####....     1%          3    None
d - Blink                 Tloc           N/A          1%          2    None
e - Flame Tongue          Conj/Fire      #####        1%          1    None
f - Searing Ray           Conj           #####.       1%          2    None


Dungeon Overview and Level Annotations

Branches:
Dungeon (6/15)             Temple (1/1) D:4

Altars:
Cheibriados
Dithmenos
Fedhas
Gozag
Vehumet
Xom
The Shining One

Shops:
D:4 *   D:6 *


Innate Abilities, Weirdness & Mutations

You have a pair of small horns on your head.
You are agile. (Dex +2)
Your body sometimes deteriorates upon taking damage.
Your system is resistant to poisons.


Message History

The searing ray hits the orc warrior.
The orc warrior is moderately wounded.
An orc priest comes into view.
Casting: Searing Ray
Confirm with . or Enter, or press ? or * to list all spells.
Aiming: Searing Ray
Press: ? - help, Shift-Dir - straight line, f/p - orc warrior
Aim: an orc warrior, wielding a trident and wearing a plate armour (moderately wounded)
The searing ray hits the orc warrior.
The orc warrior is moderately wounded.
The orc priest shouts!
The searing ray hits the orc warrior.
The orc warrior is heavily wounded.
The orc warrior hits you from afar with a trident!
The orc priest invokes the aid of Beogh against you.
Something smites you!
Your body deteriorates!
You feel weakened.
The orc priest invokes the aid of Beogh against you.
Something smites you!
You die...

...#....#
.....##'###
...####.#
..........#
#### #.#
..........#
.#
..........#
#..##.....# #
## #...รท.# #
#.....# #
#.....# #
#.@...# #
#.....# #
.......#o...#
.......#....#
............#
.?....#..)..#
......#.....#
...####..o%.#
!.. #.#.###


You could see an orc warrior and an orc priest.

Vanquished Creatures
  Grinder (D:4)
  A water moccasin (D:6)
  A sky beast (D:5)
  An ogre (D:4)
  A centaur (D:6)
  Blork the orc (D:4)
  A scorpion (D:6)
  A crimson imp (D:5)
  An orc priest (D:4)
  2 centaur skeletons
  A gnoll shaman (D:6)
  A jelly (D:5)
  Jessica (D:3)
  2 orc wizards
  4 worker ants
  6 big kobold zombies (Ossuary)
  A mummy (Ossuary)
  5 gnolls (D:6)
  9 adders
  An ooze (D:2)
  3 worms
  2 giant geckos
  19 orcs
  A spectral bat (Ossuary)
  10 bats
  4 giant cockroaches (D:1)
  7 goblins
  8 hobgoblins
  3 jackals (D:3)
  2 quokkas
  A bat simulacrum (Ossuary)
  5 giant newts
  6 gnoll zombies (Ossuary)
  3 goblin simulacra (Ossuary)
  6 goblin zombies (Ossuary)
  4 hobgoblin zombies (Ossuary)
  7 kobolds
  2 kobold simulacra (Ossuary)
  5 kobold zombies (Ossuary)
  3 orc zombies (Ossuary)
  A quokka zombie (D:5)
  6 rats
  A rat simulacrum (Ossuary)
  5 spectral kobolds (Ossuary)
  2 spectral rats (Ossuary)
158 creatures vanquished.

Notes
Turn   | Place    | Note
--------------------------------------------------------------
     0 | D:1      | tp1 the Deep Elf Wizard began the quest for the Orb.
     0 | D:1      | Reached XP level 1. HP: 10/10 MP: 7/7
   206 | D:1      | Reached XP level 2. HP: 15/15 MP: 7/9
  1060 | D:2      | Reached XP level 3. HP: 19/19 MP: 4/10
  1065 | D:2      | Learned a level 3 spell: Conjure Flame
  1069 | D:2      | Learned a level 3 spell: Mephitic Cloud
  1072 | D:2      | Learned a level 2 spell: Blink
  1262 | D:2      | Found a snail-covered altar of Cheibriados.
  1763 | D:3      | Noticed Jessica
  1769 | D:3      | Killed Jessica
  1769 | D:3      | Reached XP level 4. HP: 24/24 MP: 4/12
  2077 | D:3      | Reached skill level 5 in Conjurations
  2121 | D:3      | Reached XP level 5. HP: 15/28 MP: 0/13
  2738 | D:3      | Reached skill level 5 in Spellcasting
  3071 | D:4      | Noticed Blork the orc
  3091 | D:4      | Killed Blork the orc
  3091 | D:4      | Reached skill level 6 in Spellcasting
  3218 | D:4      | Noticed an ogre
  3228 | D:4      | Killed an ogre
  3228 | D:4      | Reached XP level 6. HP: 32/32 MP: 3/17
  3339 | D:4      | Reached skill level 7 in Spellcasting
  3743 | D:4      | Noticed Grinder
  3788 | D:4      | Paralysed by Grinder for 6 turns
  3794 | D:4      | Killed Grinder
  3794 | D:4      | Reached skill level 8 in Spellcasting
  3794 | D:4      | Reached XP level 7. HP: 28/36 MP: 0/21
  3943 | D:4      | Found Mock's General Store.
  3947 | D:4      | Bought a scroll of immolation for 49 gold pieces
  3947 | D:4      | Bought a potion of curing for 42 gold pieces
  3947 | D:4      | Bought a scroll of noise for 14 gold pieces
  3971 | D:4      | Reached skill level 9 in Spellcasting
  4072 | D:4      | Found a staircase to the Ecumenical Temple.
  4081 | Temple   | Entered the Ecumenical Temple
  4106 | Temple   | Became a worshipper of Vehumet
  4346 | D:5      | Entered Level 5 of the Dungeon
  4452 | D:5      | Gained mutation: Your body sometimes deteriorates upon taking damage. [mutagenic meat]
  4453 | D:5      | Gained mutation: Your system is resistant to poisons. [mutagenic meat]
  4454 | D:5      | Gained mutation: You are agile. (Dex +2) [mutagenic meat]
  4599 | D:5      | Reached skill level 10 in Spellcasting
  4612 | D:5      | Reached skill level 1 in Fire Magic
  4811 | D:5      | Found a sand-covered staircase.
  4816 | Ossuary  | Entered an ossuary
  4964 | Ossuary  | Reached * piety under Vehumet
  4964 | Ossuary  | Offered knowledge of Flame Tongue by Vehumet.
  5274 | Ossuary  | Reached skill level 1 in Air Magic
  5889 | D:5      | Reached skill level 1 in Poison Magic
  5889 | D:5      | Reached XP level 8. HP: 37/41 MP: 13/24
  6063 | D:6      | Learned a level 1 spell: Flame Tongue
  6127 | D:6      | Reached ** piety under Vehumet
  6229 | D:6      | Offered knowledge of Searing Ray by Vehumet.
  6233 | D:6      | Learned a level 2 spell: Searing Ray
  6236 | D:6      | Got a scintillating lapis lazuli ring
  6285 | D:6      | Identified the ring "Sess" {MP+9 Dex+2} (You found it on level 6 of the Dungeon)
  6403 | D:6      | Found Yhona's Serpentskin Sales.
  6708 | D:6      | Gained mutation: You have a pair of small horns on your head. [potion of beneficial mutation]
  6770 | D:6      | Killed from afar by an orc priest

Action                   |  1- 3 |  4- 6 |  7- 9 || total
-------------------------+-------+-------+-------++-------
Melee: Short sword       |     2 |     6 |       ||     8
       Trident           |       |       |    30 ||    30
 Cast: Magic Dart        |    96 |   111 |   174 ||   381
       Conjure Flame     |       |    10 |    23 ||    33
       Searing Ray       |       |       |     4 ||     4
  Use: Scroll            |       |     3 |     2 ||     5
       Potion            |       |       |     3 ||     3
  Eat: Chunk             |     2 |     6 |     6 ||    14
       Bread ration      |       |       |     2 ||     2
